 Dungeon Crawl Stone Soup version 0.30.0-3-ga4e48a9924 (webtiles) character file.

Game seed: 6656680767733879397

367 browni3141 the Shooter (level 7, 0/55 HPs)
             Began as a Meteoran Hexslinger on May 8, 2023.
             Was an Initiate of Cheibriados.
             Slain by Grinder (2 damage)
             ... on level 6 of the Dungeon.
             The game lasted 00:10:00 (995 turns).

browni3141 the Shooter (Meteoran Hexslinger)         Turns: 995, Time: 00:10:00

Health: 0/55       AC:  2    Str: 13    XL:     7   Next: 21%
Magic:  10/10      EV: 13    Int: 16    God:    Cheibriados [......]
Gold:   52         SH:  0    Dex: 17    Spells: 7/8 levels left

rFire   . . .        a - +1 sling
rCold   . . .        (no shield)
rNeg    . . .        k - +0 robe
rPois   .            (no helmet)
rElec   .            (no cloak)
rCorr   .            (no gloves)
SInv    .            (no boots)
Will    .....        (no amulet)
Stlth   +            (no ring)
HPRegen 0.29/turn    (no ring)
MPRegen 0.12/turn

%: no passive effects
@: about to teleport, glowing, very slow
A: sense surroundings 1, otherworldly, glowing, explore regen
a: Renounce Religion


You were on level 6 of the Dungeon.
You worshipped Cheibriados.
Cheibriados was noncommittal.
You visited 1 branch of the dungeon, and saw 7 of its levels.

You collected 52 gold pieces.

Inventory:

Hand Weapons
 a - a +1 sling (weapon)
Armour
 k - a +0 robe (worn)
Jewellery
 g - a ring of resist corrosion
Scrolls
 l - a scroll of fog {unknown}
 m - a scroll of vulnerability {unknown}
Potions
 c - a potion of cancellation
 d - a potion of haste {unknown}
 f - a potion of curing {unknown}
 i - a potion of invisibility
 j - a potion of flight {unknown}


   Skills:
 - Level 2.0 Fighting
 * Level 6.8 Ranged Weapons
 - Level 3.0 Dodging
 - Level 1.3 Spellcasting
 - Level 3.6 Hexes
 - Level 2.0 Evocations


You had 7 spell levels left.
You knew the following spells:

 Your Spells              Type           Power      Damage    Failure   Level
S - Slow                  Hex            48%        N/A       4%          1

Your spell library contained the following spells:

 Spells                   Type           Power      Damage    Failure   Level
 Inner Flame              Hex/Fire       6%         N/A       32%         3
 Portal Projectile        Hex/Tloc       12%        N/A       32%         3
 Cause Fear               Hex            6%         N/A       45%         4


Dungeon Overview and Level Annotations

Branches:
Dungeon (7/15) Zot: 4828
 Temple: D:4-7

Altars:
Cheibriados
Nemelex Xobeh
The Shining One

Shops:
D:3 (

Annotations:
D:6 Blork the orc, Grinder


Innate Abilities, Weirdness & Mutations

You passively map a small area around you.
You are easily found by Zot.
You glow in the dark.
You regain HP and MP as you explore.


Message History

You shoot a sling bullet.
The sling bullet closely misses Grinder.
Grinder is no longer moving slowly.
Fire: a) +1 sling
Press: ? - help, Q - select action, (/) - cycle Shift-Dir - straight line, f/p - Grinder
Aim: Grinder (poison gas, lightly wounded, 60% to hit)
You shoot a sling bullet. The sling bullet barely misses Grinder.
Grinder hits you.
* * * LOW HITPOINT WARNING * * *
You writhe in agony.
* * * LOW HITPOINT WARNING * * *
Fire: a) +1 sling
Press: ? - help, Q - select action, (/) - cycle Shift-Dir - straight line, f/p - Grinder
Aim: Grinder (poison gas, 60% to hit)
You shoot a sling bullet.
The sling bullet closely misses Grinder.
Grinder barely misses you.
Fire: a) +1 sling
Press: ? - help, Q - select action, (/) - cycle Shift-Dir - straight line, f/p - Grinder
Aim: Grinder (poison gas, 60% to hit)
You shoot a sling bullet. The sling bullet barely misses Grinder.
Grinder gestures at you. Pain shoots through your body!
* * * LOW HITPOINT WARNING * * *
Unknown command.
It was a potion of heal wounds.
You feel much better.
H - a potion of heal wounds Blork the orc is engulfed in poison gas.
Blork the orc is poisoned.
Grinder closely misses you.
Unknown command.
Fire: a) +1 sling
Press: ? - help, Q - select action, (/) - cycle Shift-Dir - straight line, f/p - Grinder
Aim: Grinder (poison gas, 60% to hit)
You shoot a sling bullet. The sling bullet hits Grinder!
Grinder is lightly wounded.
Blork the orc looks even sicker.
Blork the orc screams, "Die!"
Blork the orc points at you and mumbles some strange words.
The puff of flame hits you. Grinder gestures at you.
You resist with some effort.
Unknown command.
Fire: a) +1 sling
Press: ? - help, Q - select action, (/) - cycle Shift-Dir - straight line, f/p - Grinder
Aim: Grinder (poison gas, lightly wounded, 60% to hit)
You shoot a sling bullet. The sling bullet hits Grinder!
Grinder is moderately wounded.
Blork the orc gestures wildly while chanting.
Blork the orc seems to speed up.
Grinder gestures at you.
You suddenly lose the ability to move!
Blork the orc casts a spell at you. The puff of flame hits you!
* * * LOW HITPOINT WARNING * * *
Grinder gestures at you. You resist with significant effort.
Grinder gestures at you.
You shrug off the repeated paralysis!
You can move again.
Unknown command.
Fire: a) +1 sling
Press: ? - help, Q - select action, (/) - cycle Shift-Dir - straight line, f/p - Grinder
Aim: Grinder (poison gas, moderately wounded, 60% to hit)
You shoot a sling bullet.
The sling bullet closely misses Grinder.
Grinder rolls her eyes.
Grinder hits you.
* * * LOW HITPOINT WARNING * * *
You writhe in agony.
* * * LOW HITPOINT WARNING * * *
Unknown command.
You feel much better.
Blork the orc gestures at you while chanting.
The puff of frost hits you!
Grinder says, "I used to sell toenails on the black market."
Grinder hits you!
You writhe in agony.
Blork the orc barely misses you.
Unknown command.
It was a potion of invisibility.
You become transparent, but the glow from your body prevents you from becoming completely invisible.
i - a potion of invisibility;
j - a ruby potion Blork the orc hits you with a +0 scimitar!
* * * LOW HITPOINT WARNING * * *
Grinder hits you.
* * * LOW HITPOINT WARNING * * *
Unknown command.
It was a potion of cancellation.
Your magical effects are unravelling.
You feel magically purged.
c - a potion of cancellation;
k - a +0 robe (worn)
You flicker back into view.
Blork the orc barely misses you.
Grinder says, "At least Makhleb appreciates what I'm doing."
Grinder barely misses you. Blork the orc closely misses you.
Unknown command.
As you read the scroll labelled HOIFOU ROLAN, it crumbles to dust.
You feel strangely unstable.
It was a scroll of teleportation.
Blork the orc hits you with a +0 scimitar!
* * * LOW HITPOINT WARNING * * *
Grinder hits you.
You die...

, * ### ####, ,
##.## .#.## ##...#
####....#.. , ,
....###..........,
*#....°○.<# , ,
###.....#)####
##...°°..#°5○.#.#
##......#..°○@.°.#
#.>...####)...o.°#
, ##....#
###.##..# #....#
°°...## * #...##
#○°.#.. ** #####
#°○##,.. #### ○#,
, * .# * ,


You could see Grinder and Blork the orc (fast, poisoned).

Vanquished Creatures
  Menkaure (D:4)
  A black bear (D:4)
  A hound (D:5)
  Jessica (D:2)
  An orc wizard (D:3)
  A gnoll (D:6)
  An adder (D:3)
  2 worms (D:2)
  A dart slug (D:3)
  12 orcs
  8 endoplasms
  2 giant cockroaches
  A hobgoblin (D:4)
  4 jackals (D:1)
  2 ball pythons
  A bat (D:1)
  A frilled lizard (D:3)
  2 goblins
  A kobold (D:4)
  4 rats
48 creatures vanquished.

Notes
Turn   | Place    | Note
-------+----------+-------------------------------------------
     0 | D:1      | browni3141 the Meteoran Hexslinger began the quest for the
                  | Orb.
     0 | D:1      | Reached XP level 1. HP: 16/16 MP: 3/3
    88 | D:1      | Reached XP level 2. HP: 22/23 MP: 5/5
   324 | D:2      | Reached skill level 3 in Ranged Weapons
   324 | D:2      | Reached XP level 3. HP: 29/29 MP: 4/6
   387 | D:2      | Noticed Jessica
   392 | D:2      | Killed Jessica
   393 | D:2      | Reached XP level 4. HP: 21/36 MP: 4/7
   405 | D:2      | Reached skill level 4 in Ranged Weapons
   529 | D:3      | Found Qaudoduf's Weapon Emporium.
   541 | D:3      | Reached skill level 3 in Dodging
   541 | D:3      | Reached XP level 5. HP: 9/41 MP: 8/8
   708 | D:4      | Found a sparkling altar of Nemelex Xobeh.
   743 | D:4      | Found a snail-covered altar of Cheibriados.
   750 | D:4      | Noticed Menkaure
   759 | D:4      | Became a worshipper of Cheibriados the Contemplative
   842 | D:4      | Noticed a black bear
   854 | D:4      | Killed a black bear
   855 | D:4      | Reached skill level 5 in Ranged Weapons
   855 | D:4      | Reached XP level 6. HP: 12/48 MP: 5/9
   856 | D:4      | Found a glowing golden altar of the Shining One.
   915 | D:4      | Killed Menkaure
   916 | D:4      | Reached skill level 6 in Ranged Weapons
   916 | D:4      | Reached XP level 7. HP: 50/55 MP: 8/10
   926 | D:5      | Entered Level 5 of the Dungeon
   926 | D:5      | You fall into a shaft and drop 2 floors!
   969 | D:6      | Noticed Grinder
   977 | D:6      | Noticed Blork the orc
   985 | D:6      | HP: 2/55 [Grinder/nerve-wracking pain (8)]
   988 | D:6      | Paralysed by Grinder for 3 turns
   995 | D:6      | HP: 2/55 [Blork the orc/+0 scimitar (7)]
   995 | D:6      | Slain by Grinder

Illustrated notes

Levels and vault maps discovered:
D:1:      psy_arrival_basics, layout_basic,
          shapermc_ecumenical_altar_mp_urbaneastern, minmay_shallow_snake_nest
D:2:      layout_basic, uniq_jessica
D:3:      layout_basic, serial_shops, nicolae_square_shop
D:4:      layout_basic, nemelex_dance_club_becter,
          mainiacjoe_overflow_catch_the_wave, uniq_menkaure, uniq_sigmund
D:5:      corexii_shack_village, layout_basic, minmay_temple_entry_fiery
D:6:      layout_cave_pools, uniq_blork_the_orc, uniq_grinder, uniq_maggie
D:7:      layout_loops_ring

Skill      XL: |  1  2  3  4  5  6 |
---------------+-------------------+-----
Fighting       | 2 |  2.0
Ranged Weapons | 3 4 5 6 |  6.8
Evocations     | 2 |  2.0
Dodging        | 3 |  3.0
Spellcasting   | |  1.3
Hexes          | |  3.6

Action                     |  1- 3 |  4- 6 |  7- 9 || total
---------------------------+-------+-------+-------++-------
  Melee: Sling             |       |     1 |       ||     1
   Fire: Sling             |    50 |   102 |    25 ||   177
   Cast: Slow              |     5 |     4 |     1 ||    10
  Evoke: Wand              |       |    10 |       ||    10
    Use: Potion            |       |       |     4 ||     4
         Scroll            |       |       |     2 ||     2
 Armour: Robe              |     7 |    17 |     3 ||    27
  Dodge: Dodged            |    10 |    36 |    16 ||    62
